 Dungeon Crawl Stone Soup version 0.20-a0-809-gaf7f668 (webtiles) character file.

134320 AlphabetPasta the Impaler (level 17, -8/133 HPs)
             Began as a Merfolk Gladiator on Mar 2, 2017.
             Was a High Priest of Okawaru.
             Mangled by a kraken (24 damage)
             ... on level 2 of the Shoals.
             The game lasted 02:48:49 (36829 turns).

AlphabetPasta the Impaler (Merfolk Gladiator)      Turns: 36829, Time: 02:48:52

Health: -8/133     AC: 20    Str: 20    XL:     17   Next: 16%
Magic:  22/22      EV: 20    Int:  7    God:    Okawaru [*****.]
Gold:   1011       SH:  2    Dex: 21    Spells: 16/16 levels left

rFire    . . .     SeeInvis +   a - +5 glaive "Duirar" {venom, rPois rF- Dex+4}
rCold    . . .     Gourm    .   Y - +3 plate armour
rNeg     . . .     Faith    .   (shield currently unavailable)
rPois    +         Spirit   .   T - +0 hat "Pexzaop" {MR+ Slay+4}
rElec    .         Reflect  +   (no cloak)
rCorr    .         Harm     .   w - +1 pair of gloves
MR       ++...                  (boots currently unavailable)
Stlth    ..........             S - +2 amulet of reflection
Regen    0.4/turn               s - ring of protection from fire
MPRegen  0.2/turn               n - ring of see invisible

@: very quick
A: change form in water, swift swim, stealthy swim
a: Heroism, Finesse, Renounce Religion


You were on level 2 of the Shoals.
You worshipped Okawaru.
Okawaru was extremely pleased with you.
You were not hungry.

You visited 5 branches of the dungeon, and saw 26 of its levels.
You also visited: Ossuary.

You collected 2282 gold pieces.
You spent 1271 gold pieces at shops.

Inventory:

Hand Weapons
 a - the +5 glaive "Duirar" (weapon) {venom, rPois rF- Dex+4}
   (You bought it in a shop on level 2 of the Orcish Mines)

   It poisons the flesh of those it strikes.
   It affects your dexterity (+4).
   It makes you vulnerable to fire.
   It protects you from poison.
 b - a +2 trident of flaming
Missiles
 j - 8 curare-tipped needles
 l - 67 tomahawks
 z - a javelin (quivered)
 N - 9 tomahawks of returning
 Q - 13 javelins of penetration
 X - a throwing net
Armour
 w - a +1 pair of gloves (worn)
 y - a +0 pair of boots (melded)
 T - the +0 hat "Pexzaop" (worn) {MR+ Slay+4}
   (Okawaru gifted it to you on level 15 of the Dungeon)

   It affects your accuracy and damage with ranged weapons and melee attacks
   (+4).
   It affects your resistance to hostile enchantments.
 Y - a +3 plate armour (worn)
Jewellery
 n - a ring of see invisible (left hand)
 q - an uncursed ring of flight
 s - a ring of protection from fire (right hand)
 u - an uncursed ring of protection from cold
 B - an uncursed ring of resist corrosion
 S - a +2 amulet of reflection (around neck)
 W - an uncursed ring of protection from fire
Wands
 d - a wand of lightning (8/15)
 i - a wand of clouds (4/9)
 x - a wand of flame (14/48)
 D - a wand of acid (10/15)
 E - a wand of iceblast (6/15)
 O - a wand of scattershot (3/9)
 R - a wand of confusion (22/48)
Scrolls
 c - 4 scrolls of remove curse
 e - 5 scrolls of fear
 o - 13 scrolls of teleportation
 A - 6 scrolls of fog
 F - 5 scrolls of enchant weapon
 G - a scroll of identify
 I - 5 scrolls of enchant armour
 J - 4 scrolls of magic mapping
 K - 3 scrolls of recharging
Potions
 g - 2 potions of resistance
 h - 3 potions of agility
 t - 4 potions of cancellation
 v - 4 potions of might
 C - 6 potions of haste
 H - 3 potions of flight
 L - 8 potions of curing
 M - a potion of berserk rage
 P - 2 potions of ambrosia
Miscellaneous
 p - a lightning rod (4/4)
 V - a fan of gales
 Z - a sack of spiders
Comestibles
 f - 12 bread rations
 k - 7 royal jellies
 m - 18 meat rations
 U - 27 fruits


   Skills:
 + Level 12.0 Fighting
 * Level 20.8 Polearms
 + Level 10.9 Throwing
 * Level 11.8 Armour
 + Level 14.7 Dodging
 - Level 7.5 Invocations
 + Level 7.7 Evocations


You had 16 spell levels left.
You didn't know any spells.

Dungeon Overview and Level Annotations

Branches:
Dungeon (15/15)            Temple (1/1) D:7            Lair (6/6) D:8
 Shoals (2/4) Lair:4       Spider (0/4) Lair:4        Slime (0/5) Lair:6
    Orc (2/2) D:11            Elf (0/3) Orc:2        Vaults (0/5) D:13
 Depths (0/5) D:15

Altars:
Ashenzari
Cheibriados
Dithmenos
Elyvilon
Fedhas
Gozag
Hepliaklqana
Kikubaaqudgha
Makhleb
Nemelex Xobeh
Okawaru
Qazlal
Ru
Sif Muna
Trog
Uskayaw
Vehumet
Wu Jian
Xom
Yredelemnul
Zin
The Shining One

Shops:
D:11 (   D:13 (   Orc:1 :**%   Orc:2 ([*=   Shoals:2 [

Annotations:
Lair:1 exclusion: 2 oklob plants


Message History

You slash the kraken!
The kraken looks as sick as possible!
You tail-slap the kraken.
The kraken is severely wounded.
The tentacle slaps you! The kraken bites you!!!
* * * LOW HITPOINT WARNING * * *
The tentacle completely misses you. The tentacle slaps you!
* * * LOW HITPOINT WARNING * * *
Okay, then.
You feel better. The tentacle barely misses you.
The tentacle closely misses you. The tentacle misses you.
The kraken squirts a massive cloud of ink into the water!
The tentacle misses you. x2; The tentacle closely misses you.
The kraken misses you.
You hit the kraken but do no damage.
The kraken looks as sick as possible!
The kraken is severely wounded.
The tentacle slaps you but does no damage. x2
The tentacle misses you. x2
A tentacle segment bursts forth from the water. x3
The kraken bites you!!
You die...

#≈≈≈≈≈≈≈≈≈≈≈≈≈≈
#≈≈≈≈≈≈≈≈≈≈≈≈≈≈
#≈≈≈≈≈≈≈≈≈≈≈≈≈≈
#≈≈(≈≈≈≈≈≈≈≈≈≈≈
#≈≈≈≈≈≈≈≈§≈≈≈≈≈
#≈≈≈≈§§§§≈≈≈≈≈≈
#≈≈≈≈§Xww≈≈≈≈≈≈
#≈≈≈≈§§@§§≈≈≈≈≈
#≈≈≈≈§ww§≈≈≈≈≈.
#≈≈≈≈≈≈≈≈≈≈≈≈≈.
#≈≈≈≈≈≈≈≈≈≈≈≈..
#≈≈≈≈≈≈≈≈≈≈≈...
#≈≈≈≈≈≈≈.≈≈....
#≈≈≈≈≈≈≈≈≈≈....
#≈≈≈≈≈≈.......≈
#≈≈≈≈≈≈......##


You could see a kraken and 4 tentacles.

Vanquished Creatures
  Frances (D:13)
  Kirke (Shoals:2)
  Gastronok (D:8)
  An orc warlord (Orc:1)
  A stone giant (Orc:1)
  Nessos (D:13)
  A dire elephant (D:15)
  A merfolk javelineer (Shoals:2)
  An ettin (Orc:1)
  Snorg (Orc:1)
  3 merfolk impalers
  9 hydras
  2 merfolk avatars
  5 catoblepae
  Erica (Lair:1)
  A merfolk aquamancer (Shoals:1)
  6 death yaks
  11 two-headed ogres
  4 centaur warriors (D:15)
  3 orc high priests
  A tengu warrior (D:12)
  Urug (D:13)
  A fire crab (shapeshifter) (D:15)
  5 sea snakes
  2 unseen horrors
  A lindwurm (shapeshifter) (D:14)
  5 orc knights
  12 ugly things
  6 orc sorcerers
  4 harpies (Shoals:1)
  A deep elf mage (D:12)
  6 manticores
  11 fauns
  6 cyclopes
  A salamander (D:15)
  2 merfolk sirens
  2 centaur zombies (D:15)
  2 black mambas
  8 elephants
  4 water nymphs
  A torpor snail (Lair:4)
  2 gargoyles
  20 spiny frogs
  A rime drake (Lair:2)
  9 komodo dragons
  A demonic crawler (Lair:4)
  2 tengu conjurers (D:14)
  8 merfolk
  9 trolls
  2 polar bears (Lair:5)
  A wind drake (Shoals:1)
  Prince Ribbit (D:5)
  7 slime creatures
  2 hornets (D:8)
  24 blink frogs
  11 dream sheep
  A raiju (shapeshifter) (D:13)
  2 meliai zombies
  23 hippogriffs
  A hippogriff (shapeshifter) (D:13)
  3 snapping turtles
  5 water elementals (Shoals:1)
  Sigmund (D:6)
  2 wyverns
  56 yaks
  5 hogs (Shoals:2)
  The ghost of AlphabetPasta the Chopper, an amateur HOGl of Wu Jian (D:3)
  16 humans
  Eustachio (D:5)
  2 basilisks
  A golden eye (shapeshifter) (D:15)
  5 wargs
  Menkaure (D:7)
  3 vampire mosquitoes (D:15)
  2 acid dragons (D:15)
  A soldier ant (D:8)
  A soldier ant (shapeshifter) (D:14)
  11 water moccasins
  9 porcupines
  Duvessa (D:5)
  2 ice beasts
  A sky beast (D:8)
  40 orc warriors
  2 black bears
  A necrophage (D:8)
  20 ogres
  4 phantoms
  6 wolves
  3 boggarts (D:15)
  28 centaurs
  4 big kobolds
  10 crocodiles
  21 bullfrogs
  Dowan (D:5)
  4 wyvern skeletons
  3 water moccasin zombies (Ossuary)
  5 scorpions
  9 killer bees
  3 howler monkeys
  12 wights
  2 electric eels
  8 crimson imps
  2 bullfrog zombies
  2 quasits
  2 bullfrog skeletons
  7 centaur skeletons
  3 hounds
  4 gnoll shamans (D:4)
  14 jellies
  11 orc priests
  26 orc wizards
  3 iguanas
  10 worker ants
  8 hell rats (Lair:1)
  A big kobold zombie (Ossuary)
  2 mummies (Ossuary)
  A howler monkey zombie (D:5)
  13 adders
  27 gnolls (D:4)
  A howler monkey skeleton (D:4)
  8 river rats (Lair:1)
  4 shadow imps
  4 oozes
  8 adder zombies
  3 adder skeletons
  6 worms
  A dart slug (D:1)
  6 leopard geckos
  93 orcs
  6 bats
  5 giant cockroaches
  A gnoll zombie (Ossuary)
  5 goblins
  10 hobgoblins
  25 jackals
  20 kobolds
  11 quokkas
  5 ball pythons
  7 frilled lizards
  A giant cockroach zombie (D:6)
  3 hobgoblin zombies (Ossuary)
  10 kobold zombies (Ossuary)
  3 leopard gecko skeletons
  3 orc zombies (Ossuary)
  A quokka zombie (D:6)
  20 rats
  A butterfly (D:7)
  2 fungi (Orc:2)
  2 plants
  A tentacle (Shoals:2)
992 creatures vanquished.

Vanquished Creatures (others)
  A vampire mosquito (D:15)
  A wight (D:15)
  29 fungi
  15 plants
46 creatures vanquished.

Grand Total: 1038 creatures vanquished

Notes
Turn   | Place    | Note
-------+----------+-------------------------------------------
     0 | D:1      | AlphabetPasta the Merfolk Gladiator began the quest for the Orb.
     0 | D:1      | Reached XP level 1. HP: 16/16 MP: 1/1
   225 | D:1      | Reached XP level 2. HP: 20/23 MP: 2/2
   945 | D:2      | Reached skill level 5 in Polearms
   945 | D:2      | Reached XP level 3. HP: 10/28 MP: 3/3
  1534 | D:2      | Reached XP level 4. HP: 34/34 MP: 4/4
  1918 | D:2      | Reached skill level 1 in Armour
  2529 | D:3      | Reached XP level 5. HP: 38/41 MP: 5/5
  2697 | D:3      | Noticed AlphabetPasta's ghost (amateur HOGl)
  2962 | D:4      | Reached skill level 6 in Polearms
  3005 | D:4      | Found a sparkling altar of Nemelex Xobeh.
  3011 | D:4      | Noticed a phantom
  3124 | D:4      | Reached XP level 6. HP: 42/47 MP: 6/6
  3161 | D:4      | Reached skill level 5 in Dodging
  3551 | D:4      | Reached skill level 7 in Polearms
  3675 | D:4      | Reached XP level 7. HP: 45/52 MP: 7/7
  4100 | D:4      | Found a glowing golden altar of the Shining One.
  4993 | D:4      | Reached XP level 8. HP: 60/60 MP: 8/8
  4999 | D:4      | Reached skill level 8 in Polearms
  5316 | D:5      | Entered Level 5 of the Dungeon
  5316 | D:5      | Noticed Eustachio
  5344 | D:5      | Killed Eustachio
  5548 | D:5      | Noticed Duvessa
  5554 | D:5      | Killed Duvessa
  5555 | D:5      | Noticed Dowan
  5559 | D:5      | Killed Dowan
  5559 | D:5      | Reached skill level 9 in Polearms
  5639 | D:5      | Found a shadowy altar of Dithmenos.
  5653 | D:5      | Noticed Prince Ribbit
  5663 | D:5      | Reached skill level 1 in Evocations
  6555 | D:5      | Reached skill level 5 in Fighting
  6660 | D:5      | Reached skill level 5 in Throwing
  6660 | D:5      | Reached XP level 9. HP: 68/68 MP: 9/9
  6925 | D:5      | Killed Prince Ribbit
  6989 | D:6      | Reached skill level 10 in Polearms
  7014 | D:6      | Found a sand-covered staircase.
  7042 | Ossuary  | Entered an ossuary
  7365 | D:6      | Noticed Sigmund
  7372 | D:6      | Killed Sigmund
  7491 | D:6      | Found a burning altar of Makhleb.
  7790 | D:6      | Found a bloodstained altar of Trog.
  7791 | D:6      | Found an opulent altar of Gozag.
  7817 | D:6      | Upgraded the game from 0.20-a0-800-g4a616ed to 0.20-a0-809-gaf7f668
  7837 | D:7      | Noticed Menkaure
  7842 | D:7      | Killed Menkaure
  7842 | D:7      | Reached skill level 11 in Polearms
  7869 | D:7      | Found an ornate altar of the Wu Jian Council.
  7873 | D:7      | Got a pitted steel amulet
  7916 | D:7      | Identified the amulet of the Seven Yaks {Harm *Drain Str+4 Dex+4} (You found it on level 7 of the Dungeon)
  7961 | D:7      | Found a staircase to the Ecumenical Temple.
  7969 | Temple   | Entered the Ecumenical Temple
  8403 | D:8      | Reached XP level 10. HP: 53/76 MP: 11/11
  8539 | D:8      | Reached skill level 5 in Armour
  8582 | D:8      | Paralysed by a hornet for 2 turns
  8988 | D:8      | Noticed a two-headed ogre
  9299 | D:8      | Found a staircase to the Lair.
  9534 | D:8      | Noticed Gastronok
  9573 | D:8      | Killed Gastronok
  9573 | D:8      | Reached skill level 12 in Polearms
  9868 | D:8      | Killed a two-headed ogre
  9868 | D:8      | Reached XP level 11. HP: 82/82 MP: 13/13
 10825 | D:3      | Killed AlphabetPasta's ghost
 11024 | D:9      | Noticed a two-headed ogre
 11031 | D:9      | Killed a two-headed ogre
 11031 | D:9      | Reached skill level 13 in Polearms
 11391 | D:9      | Found an opulent altar of Gozag.
 11454 | D:9      | Found a burning altar of Makhleb.
 11983 | D:9      | Noticed a two-headed ogre
 12004 | D:9      | Killed a two-headed ogre
 12035 | D:9      | Found a snail-covered altar of Cheibriados.
 12038 | D:9      | Found a deep blue altar of Sif Muna.
 12039 | D:9      | Found a blossoming altar of Fedhas.
 12039 | D:9      | Found a glowing golden altar of the Shining One.
 12040 | D:9      | Found a shattered altar of Ashenzari.
 12041 | D:9      | Found a hide-covered altar of Uskayaw.
 12044 | D:9      | Found an iron altar of Okawaru.
 12049 | D:9      | Became a worshipper of Warmaster Okawaru
 12190 | D:10     | Entered Level 10 of the Dungeon
 12429 | D:10     | Reached skill level 1 in Invocations
 12655 | D:10     | Reached * piety under Okawaru
 12692 | D:10     | Noticed an unseen horror
 12708 | D:10     | Killed an unseen horror
 12708 | D:10     | Reached skill level 14 in Polearms
 12859 | D:10     | Reached XP level 12. HP: 64/92 MP: 15/15
 12862 | D:10     | Reached ** piety under Okawaru
 13105 | D:11     | Found Ifimne's Antique Weapon Shop.
 13389 | D:11     | You fall through a shaft!
 13435 | D:12     | Reached skill level 10 in Dodging
 14043 | D:11     | Noticed a two-headed ogre
 14046 | D:11     | Found a staircase to the Orcish Mines.
 14688 | D:11     | Killed a two-headed ogre
 14688 | D:11     | Reached *** piety under Okawaru
 14857 | D:12     | Reached skill level 15 in Polearms
 15216 | D:12     | Noticed a two-headed ogre
 15225 | D:12     | Killed a two-headed ogre
 15380 | D:12     | Reached **** piety under Okawaru
 15501 | Lair:1   | Entered Level 1 of the Lair of Beasts
 15849 | Lair:1   | Noticed Erica
 15869 | Lair:1   | Killed Erica
 16635 | Lair:1   | Noticed an eight-headed hydra
 16643 | Lair:1   | Killed an eight-headed hydra
 16681 | Lair:1   | Reached XP level 13. HP: 98/99 MP: 16/16
 17891 | Lair:2   | Reached skill level 16 in Polearms
 17997 | Lair:2   | Reached ***** piety under Okawaru
 18259 | Lair:2   | Received a gift from Okawaru
 19146 | Lair:3   | Received a gift from Okawaru
 19146 | Lair:3   | Reached skill level 5 in Invocations
 19584 | Lair:4   | Found a staircase to the Shoals.
 19781 | Lair:4   | Found a hole to the Spider Nest.
 20221 | Lair:4   | Received a gift from Okawaru
 20577 | Lair:4   | Received a gift from Okawaru
 21298 | Lair:5   | Reached skill level 17 in Polearms
 21430 | Lair:5   | Received a gift from Okawaru
 21548 | Lair:5   | Reached XP level 14. HP: 95/108 MP: 16/18
 22147 | Lair:5   | Reached skill level 10 in Fighting
 22600 | Lair:6   | Entered Level 6 of the Lair of Beasts
 23623 | Lair:6   | Received a gift from Okawaru
 23961 | Lair:6   | Found a staircase to the Slime Pits.
 24216 | Lair:6   | Reached skill level 18 in Polearms
 24360 | Lair:6   | Reached skill level 10 in Armour
 24383 | Lair:6   | Received a gift from Okawaru
 24756 | Lair:6   | Reached ****** piety under Okawaru
 25206 | Lair:6   | Identified the Grimoire of Cankerous Bewitchment
 25490 | Orc:1    | Entered Level 1 of the Orcish Mines
 25490 | Orc:1    | Found Zujozxov's Assorted Antiques.
 25495 | Orc:1    | Reached XP level 15. HP: 117/117 MP: 20/20
 25673 | Orc:1    | Found Fira's Food Emporium.
 25728 | Orc:1    | Noticed Snorg
 25741 | Orc:1    | Killed Snorg
 25835 | Orc:1    | Reached skill level 5 in Evocations
 26123 | Orc:1    | Found Lets's Assorted Antiques.
 26201 | Orc:1    | Bought a ruby ring for 135 gold pieces
 26201 | Orc:1    | Bought a scroll of blinking for 202 gold pieces
 26201 | Orc:1    | Bought an opal ring for 135 gold pieces
 26201 | Orc:1    | Bought a scroll of identify for 54 gold pieces
 26682 | Orc:2    | Entered Level 2 of the Orcish Mines
 26682 | Orc:2    | Found Kiadushro's General Store.
 26685 | Orc:2    | Noticed an orc warlord
 27154 | Orc:1    | Killed an orc warlord
 27432 | Orc:2    | Found Xaru's Antique Armour Emporium.
 27439 | Orc:2    | Paralysed by an orc sorcerer for 2 turns
 27501 | Orc:2    | Bought a wand of scattershot (3/9) for 315 gold pieces
 28197 | Orc:2    | Found Ocumefesa's Jewellery Emporium.
 28295 | Orc:2    | Found a staircase to the Elven Halls.
 28323 | Orc:2    | Bought a +2 amulet of reflection for 120 gold pieces
 28632 | Orc:2    | Found Ograetys's Antique Weapon Shop.
 28677 | Orc:2    | Bought a scorched glaive for 310 gold pieces
 28677 | Orc:2    | Identified the +5 glaive "Duirar" {venom, rPois rF- Dex+4} (You bought it in a shop on level 2 of the Orcish Mines)
 28898 | Orc:1    | Found Ulusyo's Book Shoppe.
 29301 | Orc:1    | Reached skill level 19 in Polearms
 29388 | D:13     | Found a gate to the Vaults.
 29388 | D:13     | Noticed Urug
 29388 | D:13     | Noticed Nessos
 29441 | D:12     | Reached skill level 10 in Throwing
 29479 | D:13     | Received a gift from Okawaru
 29490 | D:13     | Killed Urug
 29709 | D:13     | Noticed Frances
 30734 | D:13     | Killed Nessos
 30793 | D:13     | Killed Frances
 30947 | D:13     | Received a gift from Okawaru
 31138 | D:13     | Found Nivic's Weapon Boutique.
 31219 | D:14     | Reached XP level 16. HP: 117/125 MP: 21/21
 31576 | D:14     | Found a blossoming altar of Fedhas.
 32075 | D:15     | Entered Level 15 of the Dungeon
 32093 | D:15     | Received a gift from Okawaru
 32391 | D:15     | Received a gift from Okawaru
 32402 | D:15     | Got a faintly humming hat {god gift}
 32413 | D:15     | Identified the +0 hat "Pexzaop" {MR+ Slay+4} (Okawaru gifted it to you on level 15 of the Dungeon)
 32694 | D:15     | Found a staircase to the Depths.
 33085 | D:15     | Reached skill level 20 in Polearms
 34207 | Shoals:1 | Entered Level 1 of the Shoals
 35485 | Shoals:2 | Received a gift from Okawaru
 35488 | Shoals:2 | Got a polished scale mail {god gift}
 35499 | Shoals:2 | Identified the +6 scale mail of the Dragon {Dex+4 Stlth+} (Okawaru gifted it to you on level 2 of the Shoals)
 36174 | Shoals:2 | Reached XP level 17. HP: 109/133 MP: 22/22
 36327 | Shoals:2 | Noticed Kirke
 36359 | Shoals:2 | Killed Kirke
 36406 | Shoals:2 | Found Lovep's Antique Armour Shop.
 36814 | Shoals:2 | Noticed a kraken
 36827 | Shoals:2 | HP: 5/133 [tentacle[a kraken] (8)]
 36829 | Shoals:2 | Mangled by a kraken

Vault maps used:
D:1:      dpeg_arrival_brainrot
D:2:      kb_forest_paths, first_bread, hangedman_abyss_or_decor_stabs
D:3:      minmay_three_crescents
D:4:      lemuel_castle_with_subvaults, nemelex_xobeh_ov_fountains_minmay,
          minmay_misc_feat_tiny, nicolae_tso_swordbearing_angel
D:5:      old_standard_altar, uniq_duvessa, uniq_prince_ribbit1, uniq_eustachio
D:6:      old_standard_altar, gammafunk_temple_overflow_statue,
          nicolae_ossuary_entry_ruins, uniq_sigmund
D:7:      minmay_temple_entry_butterflies, basic_altar, uniq_menkaure
D:8:      david_lair_shrubbed, hangedman_pestilent_swarm,
          kennysheep_small_circle, uniq_gastronok
D:9:      minitemple, basic_altar, hex_intersection, bloody_makhleb
D:11:     david_orc_3, serial_shops, nicolae_shop_overgrown_old_shop
D:13:     david_vaults_3, serial_shops, kennysheep_little_box,
          serial_park_tiny_1, uniq_frances
D:14:     fedhas_altar_3, minivault_11
D:15:     hangedman_depths_entry_try_elsewhere_first, serial_glass,
          glass_columns_a, glass_columns_b
Temple:   jpeg_temple_alley_garden
Lair:1:   lemuel_ratsnest, hangedman_lair_generics_rect,
          minmay_lair_oklob_chamber, uniq_erica
Lair:2:   lemuel_fruit_tree, infiniplex_staircase_pool
Lair:4:   minmay_shoals_entry_centaurs, nicolae_spider_entry_non_spiders,
          grunt_forest_small_clearing_treed
Lair:5:   beast_lair_carwin_7
Lair:6:   evilmike_catoblepas_cave, minmay_slime_entry_jelly_boxes,
          lemuel_fruit_fields, grunt_megastairs_2, serial_bayou_shore_b
Shoals:2: serial_shops, nicolae_shop_overgrown_old_shop, uniq_kirke
Orc:1:    serial_shops, shop, shop, shop, shop_fountains, uniq_snorg
Orc:2:    grunt_orc_gardens, grunt_orc_garden, grunt_orc_garden,
          grunt_orc_garden, grunt_orc_garden
Ossuary:  ossuary_tomb_2

Skill      XL: |  1  2  3  4  5  6  7  8  9 10 11 12 13 14 15 16 17 |
---------------+----------------------------------------------------+-----
Polearms       | 5 6 7 9 11 12 14 15 17 18 19 20 | 20.8
Armour         | 1 2 3 4 6 7 8 9 10 11 | 11.8
Fighting       | 3 4 5 6 7 8 9 10 11 12 | 12.0
Throwing       | 3 4 5 6 7 8 9 10 | 10.9
Dodging        | 5 6 7 9 10 11 12 13 14 | 14.7
Evocations     | 1 2 3 4 6 7 |  7.7
Invocations    | 1 3 5 7 |  7.5

Action                   |  1- 3 |  4- 6 |  7- 9 | 10-12 | 13-15 | 16-18 || total
-------------------------+-------+-------+-------+-------+-------+-------++-------
Melee: Trident           |    82 |   319 |    77 |     3 |    52 |     6 ||   539
       Tailslap          |       |     3 |    10 |       |     3 |    37 ||    53
       Halberd           |       |       |   524 |   852 |   958 |       ||  2334
       Punch             |       |       |       |       |     1 |       ||     1
       Glaive            |       |       |       |       |   857 |   584 ||  1441
Throw: Throwing net      |     2 |     1 |     1 |       |     1 |       ||     5
       Javelin           |       |       |       |       |    64 |     3 ||    67
       Tomahawk          |       |       |       |       |   140 |    67 ||   207
Invok: Heroism           |       |       |       |    10 |    30 |     6 ||    46
       Finesse           |       |       |       |       |     7 |     2 ||     9
 Abil: Evoke Berserk Rag |       |       |       |     9 |     3 |       ||    12
Evoke: Wand              |       |       |     1 |     4 |     5 |       ||    10
  Use: Scroll            |     6 |     3 |    10 |    12 |    11 |     1 ||    43
       Potion            |       |     2 |     1 |     6 |     5 |     1 ||    15
 Stab: Held in net/web   |       |     1 |     2 |       |       |       ||     3
       Invisible         |       |       |       |     8 |    11 |       ||    19
       Confused          |       |       |       |     1 |       |       ||     1
  Eat: Chunk             |     2 |     7 |    13 |    29 |    37 |    10 ||    98
       Fruit             |       |       |     3 |     3 |       |       ||     6
       Royal jelly       |       |       |       |     2 |     7 |     3 ||    12
Armor: Leather armour    |     7 |     1 |       |       |       |       ||     8
       Chain mail        |       |   140 |   202 |   217 |       |       ||   559
       Plate armour      |       |       |       |    80 |   765 |   222 ||  1067
Dodge: Dodged            |    44 |   127 |   229 |   360 |  1090 |   392 ||  2242
Block: Other             |       |       |       |       |    21 |    46 ||    67
       Reflection        |       |       |       |       |     2 |     4 ||     6
